 Dungeon Crawl Stone Soup version 0.29-a0-275-g389c0b56f3 (webtiles) character file.

Game seed: 11580665283740365578

2051 spaghetti the Fighter (level 9, -11/91 HPs)
             Began as a Deep Dwarf Chaos Knight on Mar 12, 2022.
             Was a Follower of Ru.
             Mangled by a two-headed ogre
             ... wielding a +0 giant club
              (13 damage)
             ... on level 6 of the Dungeon.
             The game lasted 00:13:14 (5041 turns).

spaghetti the Fighter (Deep Dwarf Chaos Knight)     Turns: 5041, Time: 00:13:16

Health: -11/91     AC: 11    Str: 13 (15) XL:     9   Next: 4%
Magic:  7/7        EV: 14    Int: 12      God:    Ru [*.....]
Gold:   107        SH:  0    Dex: 14      Spells: 8/8 levels left

rFire   . . .      SeeInvis .   i - +3 quarterstaff (chaos) {staff}
rCold   . . .      Faith    .   (shield currently unavailable)
rNeg    . . .      Spirit   .   f - +0 acid dragon scales
rPois   .          Reflect  .   (no helmet)
rElec   .          Harm     .   k - +0 cloak
rCorr   +          Rampage  .   j - +0 pair of gloves
Will    +....                   l - +2 pair of boots
Stlth   +.........              (no amulet)
HPRegen 0.00/turn               s - +6 ring of dexterity
MPRegen 0.10/turn               (no ring)

@: unable to read
A: damage resistance, heal wounds, sense surroundings 2, hated by all, no
regeneration, clumsy 2, deterioration 2, dopey 1, weak 2, inability to read
while threatened
a: Heal Wounds, Renounce Religion


You were on level 6 of the Dungeon.
You worshipped Ru.
Ru was aware of your devotion.
You visited 2 branches of the dungeon, and saw 7 of its levels.

You collected 302 gold pieces.
You spent 195 gold pieces at shops.


Innate Abilities, Weirdness & Mutations

You are resistant to damage.
You can heal yourself by infusing magical energy.
You passively map the area around you.
You are hated by all.
You do not regenerate.
You are very clumsy. (Dex -4)
Your body often deteriorates upon taking damage.
You are dopey. (Int -2)
You are very weak. (Str -4)
You sometimes lose the ability to read scrolls when taking damage.


   Skills:
 + Level 9.3 Fighting
 - Level 3.2 Axes
 - Level 2.1 Armour
 + Level 7.6 Dodging


You had 8 spell levels left.
You didn't know any spells.
Your spell library contained the following spells:

 Spells                   Type           Power      Damage    Failure   Level
 Static Discharge         Conj/Air       0%         N/A       58%         2
 Frozen Ramparts          Ice            0%         1d2       82%         3
 Ice Form                 Ice/Tmut       0%         N/A       99%         4
 Lightning Bolt           Conj/Air       0%         1d11      100%        5
 Maxwell's Capacitive Co  Air            0%         โˆž       100%        8
 Summon Small Mammal      Summ           Unusable   N/A       N/A         1
 Call Canine Familiar     Summ           Unusable   N/A       N/A         3
 Summon Guardian Golem    Hex/Summ       Unusable   N/A       N/A         3
 Summon Ice Beast         Ice/Summ       Unusable   N/A       N/A         4

Inventory:

Hand Weapons
 a - a +1 hand axe of chaos {axe}
 i - a +3 quarterstaff of chaos (weapon) {staff}
   (You took it off Crazy Yiuf on level 3 of the Dungeon)
 o - a +2 dagger of venom {short}
   (You took it off Jessica on level 2 of the Dungeon)
Missiles
 d - 302 stones {throwing}
 e - 2 poisoned darts {throwing}
 q - 3 boomerangs {throwing}
Armour
 b - a +2 leather armour
 f - +0 acid dragon scales (worn)
   (You found it on level 5 of the Dungeon)
 j - a +0 pair of gloves (worn)
   (You found it on level 2 of the Dungeon)
 k - a +0 cloak (worn)
   (You took it off Crazy Yiuf on level 3 of the Dungeon)
 l - a +2 pair of boots (worn)
   (You found it on level 3 of the Dungeon)
Jewellery
 h - an amulet of the acrobat
   (You found it on level 1 of the Dungeon)
 s - a +6 ring of dexterity (left hand)
   (You found it on level 4 of the Dungeon)
Wands
 m - a wand of flame (28)
   (You took it off a hobgoblin on level 4 of the Dungeon)
Scrolls
 g - 2 scrolls of teleportation {@r4}
 n - a scroll of noise {!r}
 r - a scroll of vulnerability {!r!r}
 t - a scroll of enchant armour
Miscellaneous
 c - a piece from Xom's chessboard (5/15) (quivered)

Dungeon Overview and Level Annotations

Branches:
Dungeon (6/15)             Temple (1/1) D:4

Altars:
Ashenzari
Cheibriados
Dithmenos
Elyvilon
Fedhas
Gozag
Hepliaklqana
Kikubaaqudgha
Nemelex Xobeh
Okawaru
Qazlal
Ru
Sif Muna
Trog
Uskayaw
Vehumet
Wu Jian
Xom
Yredelemnul
Zin
The Shining One
Beogh

Shops:
D:1 !   D:2 =   D:4 = D:5

! #...'.####.#...
#...#.#.....โ€ ..
##########...#.#........
#.......######.#........
#..?....# #.#........
#.......# #.#........
#.......# ####.###......
#......O# #....# #.....#
#......@# #.######.....#
#.......###......รท......
#......................โ€
#######.................
#.................
#.....######.....#
#.....# #......# #######
#......# #......#


You could see a two-headed ogre.


Message History

You closely miss the rime drake. The ice encasing you melts away.
You redirect the rime drake's attack!
The rime drake barely misses itself.
The rime drake bites you but does no damage.
Unknown command.
You hit the rime drake.
You can read scrolls again.
The rime drake breathes ice at you. The flash freeze hits you!
You feel threatened and lose the ability to read scrolls!
* * * LOW HITPOINT WARNING * * *
You are encased in ice. ๐Ÿ˜จ HP[-11]
You take 11 damage, and now have 30/85 hp.
Unknown command.
Unknown command.
You sock the rime drake!
The rime drake is poisoned.
You can read scrolls again.
The rime drake bites you.
* * * LOW HITPOINT WARNING * * *
You redirect the rime drake's attack!
The rime drake bites itself.
The rime drake dies!
The sky beast returns to its original shape as it dies.
You feel your strength returning.
You have reached level 9!
Your experience leads to an increase in your attributes!
Your base attributes are Str 17, Int 14, Dex 12.
Increase (S)trength, (I)ntelligence, or (D)exterity?
You feel stronger. x2
Your attunement to dungeon structure grows. ๐Ÿ˜จ HP[-4] MP[+1]
You now have 91 max hp (+6).
Your mp is fully restored (8).
You now have 93 gold pieces (gained 6).
The ice encasing you melts away.
You see here a sky beast corpse.
d - 295 stones {throwing} (gained 11) Key pressed, stopping explore.
Found a stone staircase leading up.
You now have 107 gold pieces (gained 14).
You open the door. You open the door.
There is an open door here.
You see here a sky beast corpse.
p - a scroll of identify {@r1}
As you read the scroll of identify {@r1}, it crumbles to dust.
t - a scroll of enchant armour An iguana comes into view.
An iguana is nearby!
An iguana is nearby!
An iguana is nearby!
Your magical essence is drained by the effort!
You feel much better.
The iguana hisses angrily. ๐Ÿ˜ฎ HP[+25] MP[-1]
You regained 25 hp, and now have 51/91 hp.
You hit the iguana but do no damage. The iguana closely misses you.
You hit the iguana. Lightning courses through the iguana!!
You kill the iguana!
Found a stone staircase leading down.
There is a stone staircase leading down here.
There is an open door here.
d - 302 stones {throwing} (gained 7)
There is an open door here.
A two-headed ogre comes into view. It is wielding two +0 giant clubs.
The two-headed ogre shouts in stereo!
A two-headed ogre is nearby!
Non-targeted evoke: piece from Xom's chessboard (7/15)
Press: ? - help, Q - select action, (/) - cycle Dir - look around, f - activate You make a move on Xom's chessboard...
The two-headed ogre falls asleep!
The two-headed ogre shouts in stereo!
Non-targeted evoke: piece from Xom's chessboard (6/15)
Press: ? - help, Q - select action, (/) - cycle Dir - look around, f - activate You make a move on Xom's chessboard...
The two-headed ogre easily resists.
You barely miss the two-headed ogre.
The two-headed ogre hits you with a +0 giant club!
You feel threatened and lose the ability to read scrolls!
* * * LOW HITPOINT WARNING * * *
The two-headed ogre hits you with a +0 giant club!
* * * LOW HITPOINT WARNING * * *
Your body deteriorates!
You feel weakened. ๐Ÿ˜จ HP[-27]
You take 27 damage, and now have 24/91 hp.
MASSIVE DAMAGE!! (PAUSE)
You barely miss the two-headed ogre. The two-headed ogre closely misses you.
The two-headed ogre barely misses you.
You sock the two-headed ogre! You burn the two-headed ogre.
The two-headed ogre hits you with a +0 giant club!
* * * LOW HITPOINT WARNING * * *
Your body deteriorates!
You feel weakened.
The two-headed ogre misses you. ๐Ÿ˜ฑ HP[-15]
You take 15 damage, and now have 9/91 hp.
You closely miss the two-headed ogre.
The two-headed ogre hits you with a +0 giant club!
* * * LOW HITPOINT WARNING * * *
The two-headed ogre hits you with a +0 giant club!
You die...
Xom roars with laughter!

Skill      XL: |  1  2  3  4  5  6  7  8 |
---------------+-------------------------+-----
Fighting       | 3 4 5 6 7 9 |  9.3
Dodging        | 3 4 7 |  7.6
Axes           | |  3.2
Armour         | |  2.1

Action                   |  1- 3 |  4- 6 |  7- 9 || total
-------------------------+-------+-------+-------++-------
Melee: Hand axe          |    81 |       |       ||    81
       Punch             |     1 |     1 |       ||     2
       Dagger            |       |    81 |       ||    81
       Quarterstaff      |       |    60 |   147 ||   207
Invok: Sacrifice Love    |       |       |     1 ||     1
 Abil: Heal Wounds       |       |     2 |     5 ||     7
Evoke: Piece from Xom's  |     4 |    15 |     7 ||    26
  Use: Scroll            |     4 |     2 |     5 ||    11
       Potion            |       |    11 |     5 ||    16
 Stab: Sleeping          |     1 |       |       ||     1
       Petrified         |       |     6 |       ||     6
       Confused          |       |       |     1 ||     1
Armor: Leather armour    |    37 |    49 |    56 ||   142
       Skin              |       |     2 |    11 ||    13
       Acid dragon scale |       |       |    29 ||    29
Dodge: Dodged            |    64 |    61 |   140 ||   265

Levels and vault maps discovered:
D:1:      scummos_arrival_checkerplants, layout_basic,
          hellmonk_ecumenical_altar_defaced_shrine, serial_shops, shop_fountains
D:2:      layout_rooms, serial_shops, shop, uniq_jessica
D:3:      layout_loops_ring, grunt_ministairs_10, minmay_stone_trees_large,
          uniq_crazy_yiuf_cottage
D:4:      layout_cave_pods, temple_doors_ab, serial_shops,
          nicolae_shop_hallway_stairs
D:5:      layout_cave_pools, serial_shops, shop_fountains, minmay_lizard_king,
          uniq_grinder, uniq_duvessa
D:6:      layout_basic, makhleb_altar_promises_db
Temple:   mainiacjoe_temple_starburst

Notes
Turn   | Place    | Note
-------+----------+-------------------------------------------
     0 | D:1      | spaghetti the Deep Dwarf Chaos Knight began the quest for
                  | the Orb.
     0 | D:1      | Reached XP level 1. HP: 20/20 MP: 1/1
     0 | D:1      | magus.rc [v1.9.6]
    11 | D:1      | XOM: silly message
    42 | D:1      | Reached skill level 3 in Fighting
    96 | D:1      | Reached XP level 2. HP: 23/28 MP: 2/2
   128 | D:1      | Found Urrikkah's Distillery.
   358 | D:1      | Found a faded altar of an unknown god.
   374 | D:1      | XOM: noise
   379 | D:1      | XOM: divination: magic mapping
   487 | D:1      | XOM: silly message
   692 | D:2      | Reached XP level 3. HP: 32/36 MP: 3/3
   696 | D:2      | Reached skill level 4 in Fighting
   699 | D:2      | You pick up a book of Lightning and begin reading...
   699 | D:2      | You add the spells Static Discharge, Lightning Bolt and
                  | Maxwell's Capacitive Coupling to your library.
   821 | D:2      | Noticed Jessica
   840 | D:2      | Killed Jessica
   841 | D:2      | Reached XP level 4. HP: 25/45 MP: 4/4
   871 | D:2      | You pick up a book of Callings and begin reading...
   871 | D:2      | You add the spells Summon Small Mammal, Call Canine
                  | Familiar and Summon Guardian Golem to your library.
   910 | D:2      | Gained mutation: You expend magic power (3 MP) to
                  | strengthen your wands. [potion of mutation]
   910 | D:2      | Gained mutation: Your body sometimes deteriorates upon
                  | taking damage. [potion of mutation]
   910 | D:2      | Gained mutation: Your flesh is cold resistant. (rC+)
                  | [potion of mutation]
   911 | D:2      | XOM: summons 4 friendly demons
  1104 | D:2      | Found Batiagg's Jewellery Emporium.
  1251 | D:3      | XOM: noise
  1279 | D:3      | HP: 7/45 [something/magic dart (7)]
  1283 | D:3      | Reached skill level 5 in Fighting
  1292 | D:3      | XOM: 4-stop teleportation journey
  1382 | D:3      | Noticed a centaur
  1393 | D:3      | XOM: cast spell 'Discord'
  1398 | D:3      | Killed a centaur
  1399 | D:3      | Reached XP level 5. HP: 36/55 MP: 5/5
  1566 | D:3      | XOM: give mutation
  1566 | D:3      | Lost mutation: Your flesh is cold resistant. (rC+) [Xom's
                  | mischief]
  1768 | D:3      | XOM: give mutations
  1768 | D:3      | Lost mutation: You expend magic power (3 MP) to strengthen
                  | your wands. [Xom's mischief]
  1768 | D:3      | Gained mutation: You are clumsy. (Dex -2) [Xom's mischief]
  1768 | D:3      | Gained mutation: You are weak. (Str -2) [Xom's mischief]
  1768 | D:3      | Gained mutation: You are dopey. (Int -2) [Xom's mischief]
  1849 | D:3      | Found a runed translucent door.
  1850 | D:3      | Noticed Crazy Yiuf
  2068 | D:3      | Killed Crazy Yiuf
  2069 | D:3      | Reached skill level 6 in Fighting
  2136 | D:4      | Found Tuwn's Jewellery Boutique.
  2136 | D:4      | XOM: noise
  2164 | D:4      | XOM: noise
  2211 | D:4      | XOM: cast spell 'Alistair's Intoxication'
  2220 | D:4      | Reached XP level 6. HP: 23/62 MP: 6/6
  2598 | D:4      | Found a staircase to the Ecumenical Temple.
  2603 | D:4      | You pick up a book of Rime and begin reading...
  2603 | D:4      | You add the spells Frozen Ramparts, Ice Form and Summon Ice
                  | Beast to your library.
  2606 | Temple   | Entered the Ecumenical Temple
  2656 | Temple   | XOM: noise
  2661 | Temple   | XOM: silly message
  2733 | Temple   | XOM: god gift: 20 stones
  3220 | Temple   | Fell from the grace of Xom
  3220 | Temple   | Became a worshipper of Ru the Awakened
  3534 | D:5      | Entered Level 5 of the Dungeon
  3658 | D:1      | Bought a potion of heal wounds for 65 gold pieces
  3658 | D:1      | Bought a potion of heal wounds for 65 gold pieces
  3658 | D:1      | Bought a potion of heal wounds for 65 gold pieces
  3797 | D:5      | Reached skill level 2 in Dodging
  3799 | D:5      | Noticed Grinder
  3799 | D:5      | Paralysed by Grinder for 3 turns
  3830 | D:5      | Paralysed by something for 6 turns
  3843 | D:5      | Killed Grinder
  3844 | D:5      | Reached skill level 7 in Fighting
  3844 | D:5      | Reached skill level 3 in Dodging
  3844 | D:5      | Reached XP level 7. HP: 33/72 MP: 7/7
  3930 | D:5      | Noticed Dowan
  3931 | D:5      | Noticed Duvessa
  3975 | D:5      | HP: 2/72 [acid dragon/splash of acid (27)]
  3983 | D:5      | HP: 18/72 [something (4)]
  3990 | D:5      | XOM: summons 7 hostile demons
  3991 | D:5      | Noticed an orange demon
  3991 | D:5      | Noticed a chaos spawn
  4006 | D:5      | Reached skill level 4 in Dodging
  4010 | D:5      | HP: 18/73 [Duvessa/+3 short sword of holy wrath (1)]
  4016 | D:5      | Killed Duvessa
  4019 | D:5      | Killed Dowan
  4020 | D:5      | Reached XP level 8. HP: 30/81 MP: 8/8
  4123 | D:5      | HP: 19/81 [frilled lizard (1)]
  4135 | D:5      | Reached skill level 8 in Fighting
  4135 | D:5      | Reached skill level 5 in Dodging
  4138 | D:5      | HP: 18/81 [frilled lizard (1)]
  4327 | D:5      | Found Wiem Ygi's Distillery.
  4507 | D:5      | XOM: summons 2 hostile demons
  4508 | D:5      | Noticed a rust devil
  4678 | D:6      | Reached skill level 6 in Dodging
  4782 | D:6      | XOM: give mutations
  4782 | D:6      | Gained mutation: You are very weak. (Str -4) [Xom's
                  | mischief]
  4782 | D:6      | Gained mutation: You are very clumsy. (Dex -4) [Xom's
                  | mischief]
  4782 | D:6      | Gained mutation: You sometimes lose the ability to read
                  | scrolls when taking damage. [Xom's mischief]
  4782 | D:6      | Gained mutation: Your body often deteriorates upon taking
                  | damage. [Xom's mischief]
  4783 | D:6      | Reached skill level 9 in Fighting
  4783 | D:6      | Reached skill level 7 in Dodging
  4783 | D:6      | Gained mutation: You are hated by all. [Ru sacrifice]
  4783 | D:6      | Reached * piety under Ru
  4802 | D:6      | Noticed a rime drake
  4802 | D:6      | a sky beast changed into a rime drake
  4802 | D:6      | XOM: polymorph sky beast -> rime drake
  4809 | D:6      | Killed a rime drake
  4810 | D:6      | Gained mutation: You passively map the area around you.
                  | [Deep Dwarf growth]
  4810 | D:6      | Reached XP level 9. HP: 26/91 MP: 8/8
  5033 | D:6      | Noticed a two-headed ogre
  5040 | D:6      | HP: 9/91 [two-headed ogre/+0 giant club (15)]
  5041 | D:6      | HP: 2/91 [two-headed ogre/+0 giant club (7)]
  5041 | D:6      | Mangled by a two-headed ogre

Vanquished Creatures
  Grinder (D:5)
  A water moccasin (D:6)
  Duvessa (D:5)
  An acid dragon (D:5)
  A black bear (D:6)
  4 sky beasts
  An ice beast (D:6)
  A centaur (D:3)
  A phantom (D:5)
  2 scorpions
  Dowan (D:5)
  A howler monkey (D:4)
  Crazy Yiuf (D:3)
  Jessica (D:2)
  3 iguanas
  An orc wizard (D:3)
  4 gnolls (D:5)
  5 adders
  An ufetubus (D:6)
  2 worms
  2 dart slugs
  12 orcs
  9 ball pythons
  2 bats (D:2)
  6 endoplasms
  6 giant cockroaches
  5 goblins
  6 hobgoblins
  2 jackals (D:4)
  5 kobolds
  4 quokkas
  12 frilled lizards
  7 rats
112 creatures vanquished.

Vanquished Creatures (collateral kills)
  An adder (D:2)
1 creature vanquished.

Vanquished Creatures (others)
  A rime drake (D:6)
  6 plants (D:5)
7 creatures vanquished.

Grand Total: 120 creatures vanquished

Table legend:
 A = Non-vault XP
 B = Vault XP
 C = Vault XP percentage of total XP
 D = Non-vault monster count
 E = Vault monster count
 F = Vault count percentage of total count
                 A         B        C        D         E       F
            +---------+---------+-------+---------+---------+-------
      Total |    2283 |     648 |  22.1 |      94 |      20 |  17.5
            +---------+---------+-------+---------+---------+-------
        D:1 |      26 |       8 |  23.5 |      15 |       4 |  21.1
        D:2 |      63 |      37 |  37.0 |      24 |       1 |   4.0
        D:3 |     185 |      43 |  18.9 |      13 |       3 |  18.8
        D:4 |     175 |       0 |   0.0 |      17 |       0 |   0.0
        D:5 |     802 |     560 |  41.1 |      14 |      12 |  46.2
        D:6 |    1032 |       0 |   0.0 |      11 |       0 |   0.0
            +---------+---------+-------+---------+---------+-------

Illustrated notes

Table legend:
 A = Kills in this place as a percentage of kills in entire the game.
 B = Kills by you in this place as a percentage of kills by you in the entire game.
 C = Kills by friends in this place as a percentage of kills by friends in the entire game.
 D = Other kills in this place as a percentage of other kills in the entire game.
 E = Experience gained in this place as a percentage of experience gained in the entire game.
 F = Experience gained in this place divided by the number of levels of this place that you have seen.
                   A       B       C       D       E      F
               +-------+-------+-------+-------+-------+----------------------
         Total | 100.0 | 100.0 | 100.0 | 100.0 | 100.0 | 418.7
       Dungeon | 100.0 | 100.0 | 100.0 | 100.0 | 100.0 | 488.5
               +-------+-------+-------+-------+-------+----------------------

Table legend: (Time is in decaauts)
 A = Elapsed time spent in this place.
 B = Non-inter-level travel time spent in this place.
 C = Inter-level travel time spent in this place.
 D = Time resting spent in this place.
 E = Time spent auto-exploring this place.
 F = Levels seen in this place.
 G = Mean time per level.
                   A        B        C        D        E       F      G
               +--------+--------+--------+--------+--------+-----+--------+
         Total |   5105 |   4444 |    661 |    301 |   3104 |   7 |  729.3 |
       Dungeon |   4437 |   3875 |    562 |    301 |   2562 |   6 |  739.5 |
        Temple |    667 |    568 |     99 |      0 |    542 |   1 |  667.0 |
               +--------+--------+--------+--------+--------+-----+--------+

Top non-repeatable levels by time:
     D:3: 931 daAuts
     D:4: 838 daAuts
     D:5: 753 daAuts
     D:2: 684 daAuts
     D:1: 680 daAuts
  Temple: 667 daAuts
     D:6: 549 daAuts
